[ PARTIDA AOE2 · #505436643 ]
UnrankedVietnamitas vs Italians
Equipo del jugador · VICT
Equipo rival · DERR
[ ANÁLISIS DE REPETICIÓN · EXTRAÍDO DE LA PARTIDA GRABADA ]
Feudal
—
Castillos
—
Imperial
—
| APM promedio | 88.2 |
| APM pico | 129 |
| eAPM promedio | 25.6 |
| Aldeanos / militares | 20 / 0 |
Foco
⚔️ 36.8% · 🌾 63.2%
Feudal
—
Castillos
—
Imperial
—
| APM promedio | 55.5 |
| APM pico | 100 |
| eAPM promedio | 18.6 |
| Aldeanos / militares | 12 / 0 |
Foco
⚔️ 25.0% · 🌾 75.0%
Mapa de la partida
Recursos iniciales + cada clic de construcción. Líneas = muros · curvas = relieve. ◆ oro · ⬟ piedra · ● bayas · ✦ reliquia · ◌ hueco del cierre
Tu base
Base de Drunken master
Terreno inicial suavizado · ◌ = hueco del cierre detectado · pasá el cursor para detalles
Inputs por minuto
— kim.henrik.himanen123 - - Drunken master
Build order — kim.henrik.himanen123
33 acciones detectadas en el replay
| 0:00 | Encolar | Villager (Male) ×4 |
| 0:01 | Encolar | Villager (Male) ×4 |
| 0:01 | Construir | House |
| 0:02 | Construir | House |
| 0:35 | Investigar | Loom |
| 0:36 | Encolar | Villager (Male) ×2 |
| 1:36 | Encolar | Villager (Male) |
| 1:39 | Construir | Palisade Wall |
| 1:46 | Construir | Palisade Wall |
| 1:47 | Construir | Palisade Wall |
| 1:48 | Construir | Palisade Wall |
| 1:49 | Construir | Palisade Wall |
| 2:06 | Construir | Palisade Wall |
| 2:06 | Construir | Palisade Wall |
| 2:14 | Construir | Palisade Wall |
| 2:30 | Construir | Palisade Wall |
| 2:32 | Encolar | Villager (Male) |
| 2:51 | Encolar | Villager (Male) |
| 3:26 | Encolar | Villager (Male) |
| 3:31 | Construir | House |
| 3:37 | Encolar | Villager (Male) |
| 4:18 | Encolar | Villager (Male) |
| 4:18 | Encolar | Villager (Male) |
| 4:20 | Encolar | Villager (Male) |
| 4:25 | Construir | House |
| 4:43 | Construir | Palisade Wall |
| 4:43 | Construir | Palisade Wall |
| 4:48 | Construir | Palisade Wall |
| 4:48 | Construir | Palisade Wall |
| 5:13 | Encolar | Villager (Male) ×2 |
| 5:41 | Construir | Palisade Wall |
| 5:57 | Construir | Palisade Wall |
| 6:22 | Construir | House |
Build order — Drunken master
19 acciones detectadas en el replay
| 0:01 | Encolar | Villager (Male) |
| 0:01 | Encolar | Villager (Male) |
| 0:03 | Construir | House |
| 0:04 | Construir | House |
| 0:12 | Encolar | Villager (Male) |
| 0:16 | Encolar | Villager (Male) |
| 1:23 | Encolar | Villager (Male) |
| 1:51 | Construir | House |
| 1:59 | Investigar | Loom |
| 2:08 | Encolar | Villager (Male) |
| 2:22 | Construir | House |
| 2:32 | Construir | House |
| 2:34 | Encolar | Villager (Male) |
| 3:28 | Encolar | Villager (Male) |
| 3:28 | Encolar | Villager (Male) |
| 3:46 | Construir | House |
| 3:52 | Encolar | Villager (Male) |
| 3:52 | Encolar | Villager (Male) |
| 4:50 | Encolar | Villager (Male) |
Cronología de la partida
| 1:39 | kim.henrik.himanen123 · wall_segment Palisade Wall x1 |
| 1:46 | kim.henrik.himanen123 · wall_segment Palisade Wall x1 |
| 1:47 | kim.henrik.himanen123 · wall_segment Palisade Wall x1 |
| 1:48 | kim.henrik.himanen123 · wall_segment Palisade Wall x1 |
| 1:49 | kim.henrik.himanen123 · wall_segment Palisade Wall x1 |
| 2:06 | kim.henrik.himanen123 · wall_segment Palisade Wall x1 |
| 2:06 | kim.henrik.himanen123 · wall_segment Palisade Wall x1 |
| 2:14 | kim.henrik.himanen123 · wall_segment Palisade Wall x1 |
| 2:30 | kim.henrik.himanen123 · wall_segment Palisade Wall x1 |
| 4:43 | kim.henrik.himanen123 · wall_segment Palisade Wall x1 |
| 4:43 | kim.henrik.himanen123 · wall_segment Palisade Wall x1 |
| 4:48 | kim.henrik.himanen123 · wall_segment Palisade Wall x1 |
| 4:48 | kim.henrik.himanen123 · wall_segment Palisade Wall x1 |
| 5:41 | kim.henrik.himanen123 · wall_segment Palisade Wall x1 |
| 5:57 | kim.henrik.himanen123 · wall_segment Palisade Wall x1 |
| 6:40 | Drunken master · resign |
[ ANÁLISIS IA · 1 CRÉDITO ]
¿Qué pasó realmente en esta partida?
Wolo.gg analiza cada decisión: build order, eco, micro, errores típicos por bracket. Análisis personalizado por WhatsApp o Discord en 30 segundos.
Guía civ
Vietnamitas
Perfil
Jugador #25475928